 Dungeon Crawl Stone Soup version 0.29.1-15-g9cfb28693d (webtiles) character file.

Game seed: 11447657165788652209

334 TittyCrusher the Spear-Bearer (level 6, 0/44 HPs)
             Began as a Merfolk Gladiator on Mar 7, 2023.
             Splashed by a jelly's acid (4 damage)
             ... on level 4 of the Dungeon.
             The game lasted 00:08:01 (3057 turns).

TittyCrusher the Spear-Bearer (Merfolk Gladiator)   Turns: 3057, Time: 00:08:02

Health: 0/44       AC: -9    Str: 14    XL:     6   Next: 53%
Magic:  6/6        EV: 13    Int:  7    God:
Gold:   78         SH:  0    Dex: 18    Spells: 5/5 levels left

rFire   . . .      SeeInvis +   a - +0 trident
rCold   . . .      Faith    .   (no shield)
rNeg    . . .      Spirit   .   r - +3 leather armour
rPois   .          Reflect  .   c - +0 helmet
rElec   .          Harm     .   (no cloak)
rCorr   .          Rampage  .   (no gloves)
Will    .....                   (no boots)
Stlth   +.........              (no amulet)
HPRegen 0.14/turn               m - ring of see invisible
MPRegen 0.10/turn               (no ring)

@: corroded
A: (nimble swimmer 2), mertail
a: no special abilities


You were on level 4 of the Dungeon.
You visited 1 branch of the dungeon, and saw 4 of its levels.
You also visited: Sewer.

You collected 78 gold pieces.

Inventory:

Hand Weapons
 a - a +0 trident (weapon)
 b - a +0 halberd
Missiles
 d - 2 throwing nets
 e - a javelin
 f - 17 stones (quivered)
 t - 3 boomerangs
 v - 4 atropa-tipped darts
Armour
 c - a +0 helmet (worn)
 g - a +0 ring mail
 r - a +3 leather armour (worn)
Jewellery
 m - a ring of see invisible (left hand)
Wands
 p - a wand of polymorph (5)
 u - a wand of iceblast (1)
Scrolls
 h - a scroll of enchant weapon {unknown}
 j - 2 scrolls of teleportation {unknown}
 k - a scroll of identify {unknown}
 o - 3 scrolls of magic mapping {unknown}
 q - a scroll of blinking
Potions
 i - 2 potions of degeneration {unknown}
 l - a potion of magic {unknown}
 n - a potion of flight {unknown}
 s - a potion of lignification {unknown}


   Skills:
 - Level 2.1 Fighting
 + Level 9.4 Polearms
 - Level 2.0 Throwing
 - Level 4.0 Dodging


You had 5 spell levels left.
You didn't know any spells.
Your spell library contained the following spells:

 Spells                   Type           Power      Damage    Failure   Level
 Apportation              Tloc           0%         N/A       52%         1
 Foxfire                  Conj/Fire      0%         2x1d4     52%         1
 Necrotise                Necr           0%         1d4       52%         1
 Sandblast                Erth           0%         2d4       52%         1
 Summon Small Mammal      Summ           0%         N/A       52%         1
 Passwall                 Tmut/Erth      0%         N/A       65%         2
 Conjure Flame            Conj/Fire      0%         6-21      87%         3
 Inner Flame              Hex/Fire       0%         N/A       87%         3
 Stone Arrow              Conj/Erth      0%         3d7       87%         3
 Flame Wave               Conj/Fire      0%         2d4       99%         4


Dungeon Overview and Level Annotations

Branches:
Dungeon (4/15)              Sewer (visited)
 Temple: D:4-7

Altars:

Annotations:
D:1 exclusion: downstairs
D:2 Sigmund


Innate Abilities, Weirdness & Mutations

((You are very nimble when in or above water. (Stealth+, EV+, Speed+++)))
Your lower body shifts to a powerful aquatic tail in water.


Message History

Done exploring.
Done exploring.
Done exploring.
(D) Dungeon
Where to? (Enter - D:3 @ (x,y), ? - help)
There is a stone staircase leading down here.
You climb downwards.
There is a stone staircase leading up here.
Found an escape hatch in the ceiling.
You now have 78 gold pieces (gained 16).
There is an escape hatch in the ceiling here.
A jelly comes into view.
Found a scroll labelled WAPUNY SATI.
b - a +0 halberd (weapon)
The jelly quivers.
You reach to attack!
You puncture the jelly!
The jelly is severely wounded.
The jelly attacks as you move away! The jelly hits you but does no damage.
The jelly attacks as you move away! The jelly closely misses you.
You hit the jelly. The acid corrodes you!
Your hands burn!
The jelly is almost dead.
The jelly hits you. The acid corrodes you!
You are splashed with acid!
You hit the jelly.
Your hands burn!
The jelly is almost dead.
The jelly hits you.
You are splashed with acid!
You are too injured to fight recklessly!
a - a +0 trident (weapon)
The jelly hits you. The acid corrodes you!
You are splashed with acid.
* * * LOW HITPOINT WARNING * * *
You hit the jelly but do no damage. The acid corrodes you!
Your hands burn!
* * * LOW HITPOINT WARNING * * *
The jelly is almost dead.
Unknown command.
You hit the jelly but do no damage.
Your hands burn!
* * * LOW HITPOINT WARNING * * *
The jelly is almost dead.
The jelly barely misses you.
Unknown command.
You hit the jelly but do no damage.
Your hands burn!
You die...

#.# #.# #.#
#.# #.# #.#
#.# #J#
####@#.###.
#..........?
#.####.#.###
#.# #.#.#
#.# #.#.#
#.# #.#.#
#.# #.#.#
#.# #.#.#
#.# #.#.#


You could see a jelly.

Vanquished Creatures
  2 bullfrogs (Sewer)
  An orc priest (D:3)
  6 adders
  A river rat (D:3)
  An ufetubus (D:3)
  5 worms
  3 orcs (D:3)
  13 ball pythons
  12 endoplasms
  14 giant cockroaches
  4 goblins
  2 hobgoblins (D:1)
  7 quokkas (Sewer)
  2 bats
  7 frilled lizards
  7 kobolds
  6 rats
93 creatures vanquished.

Vanquished Creatures (others)
  2 fungi (D:1)
2 creatures vanquished.

Grand Total: 95 creatures vanquished

Notes
Turn   | Place    | Note
-------+----------+-------------------------------------------
     0 | D:1      | TittyCrusher the Merfolk Gladiator began the quest for the
                  | Orb.
     0 | D:1      | Reached XP level 1. HP: 16/16 MP: 1/1
   162 | D:1      | Found a faded altar of an unknown god.
   180 | D:1      | Reached XP level 2. HP: 22/22 MP: 2/2
   273 | D:1      | Reached skill level 5 in Polearms
   604 | D:1      | Reached XP level 3. HP: 20/27 MP: 3/3
   789 | D:2      | Noticed Sigmund
  1130 | D:2      | Reached skill level 6 in Polearms
  1319 | D:2      | Reached XP level 4. HP: 29/33 MP: 4/4
  1557 | D:3      | Found a glowing drain.
  1619 | Sewer    | Entered a sewer
  1641 | Sewer    | Reached skill level 7 in Polearms
  1710 | Sewer    | Reached XP level 5. HP: 37/38 MP: 5/5
  2122 | Sewer    | Reached skill level 8 in Polearms
  2122 | Sewer    | Reached XP level 6. HP: 25/44 MP: 6/6
  2163 | Sewer    | Reached skill level 9 in Polearms
  3057 | D:4      | Splashed by a jelly's acid

Illustrated notes

Levels and vault maps discovered:
D:1:      amcnicky_arrival_blooded_trapdoor, layout_basic,
          shapermc_ecumenical_altar_mp_urbaneastern
D:2:      layout_basic, uniq_sigmund
D:3:      layout_basic, portal_sewer_entry_a, solitary_fountain,
          chequers_arboretum, small_statue_intersection
D:4:      layout_basic

Skill      XL: |  1  2  3  4  5  6 |
---------------+-------------------+-----
Polearms       | 5 6 7 8 9 |  9.4
Fighting       | |  2.1
Throwing       | |  2.0
Dodging        | |  4.0

Action                   |  1- 3 |  4- 6 || total
-------------------------+-------+-------++-------
Melee: Trident           |   117 |   172 ||   289
       Tailslap          |       |    10 ||    10
       Punch             |       |     1 ||     1
       Halberd           |       |     3 ||     3
Throw: Throwing net      |     1 |     2 ||     3
       Stone             |       |     1 ||     1
  Use: Potion            |       |     1 ||     1
 Stab: Held in net/web   |     1 |       ||     1
       Sleeping          |       |     5 ||     5
Armor: Leather armour    |     8 |     1 ||     9
       Ring mail         |    12 |    22 ||    34
Dodge: Dodged            |    46 |    70 ||   116
